cohdb
Replays
Latest Replays
All Replays
Popular Replays
Top Player Replays
Match Explorer
How It Works
Community
CoH3 Stats
Reddit
Sign in to upload your games and track your stats! →
Sign in with Steam
Match 39855488
Unlisted
Match 39855488
Overview
Messages
Build Orders
End
Pioneer Squad
Construct Infanterie Kompanie
MG 42 Machine Gun Team
Selects Terror Battlegroup
Selects Machine Gun Camouflage
MG 42 Machine Gun Team
Grenadier Squad
Grenadier Squad
Construct Luftwaffe Kompanie
Medical Bunker
Flak 30 Anti-aircraft Gun Team
Jäger Squad
Selects Contempt for the Weak
Jäger Squad
Selects No Quarter
Construct Panzer Kompanie
Panzer IV Medium Tank
Ra11
aSIINiedi
Colonel_Me
Alpha-Omega
0
0
Comments
sign in to comment!
No comments posted yet!